 Dungeon Crawl Stone Soup version 0.30-a0-4-ga7cffc901d (webtiles) character file.

Game seed: 16115384075747157950

82 Setbun the Cutter (level 4, -1/26 HPs)
             Began as a Kobold Brigand on Aug 21, 2022.
             Slain by Sigmund
             ... wielding a +0 scythe
              (5 damage)
             ... on level 2 of the Dungeon.
             The game lasted 00:01:09 (1785 turns).

Setbun the Cutter (Kobold Brigand)                  Turns: 1785, Time: 00:01:09

Health: -1/26      AC:  3    Str:  8    XL:     4   Next: 70%
Magic:  4/4        EV: 18    Int: 12    God:
Gold:   79         SH:  0    Dex: 18    Spells: 3/3 levels left

rFire   . . .      SeeInvis .    a - +2 dagger
rCold   . . .      Faith    .    (no shield)
rNeg    . . .      Spirit   .    b - +0 robe
rPois   .          Reflect  .    (no helmet)
rElec   .          Harm     .    c - +0 cloak
rCorr   .          Rampage  .    (no gloves)
Will    .....                    (no boots)
Stlth   ++++......               (no amulet)
HPRegen 0.08/turn                f - +4 ring of evasion
MPRegen 0.09/turn                (no ring)

@: no status effects
A: small, no large weapons, nightstalker 3
a: no special abilities


You were on level 2 of the Dungeon.
You visited 1 branch of the dungeon, and saw 2 of its levels.

You collected 79 gold pieces.

Inventory:

Hand Weapons
 a - a +2 dagger (weapon)
Missiles
 d - 9 poisoned darts (quivered)
 e - 3 curare-tipped darts
Armour
 b - a +0 robe (worn)
 c - a +0 cloak (worn)
Jewellery
 f - a +4 ring of evasion (left hand)
 h - an amulet of the acrobat
Scrolls
 g - 2 scrolls of identify {unknown}
 i - a scroll of immolation {unknown}
 j - a scroll of vulnerability {unknown}
 l - a scroll of butterflies {unknown}
Potions
 k - a potion of lignification {unknown}


   Skills:
 - Level 2.1 Fighting
 + Level 6.0 Short Blades
 - Level 2.1 Throwing
 - Level 1.2 Dodging
 - Level 5.3 Stealth


You had 3 spell levels left.
You didn't know any spells.
Your spell library contained the following spells:

 Spells                   Type           Power      Damage    Failure   Level
 Tukima's Dance           Hex            0%         N/A       69%         3
 Passage of Golubria      Tloc           0%         N/A       97%         4
 Yara's Violent Unravell  Hex/Tmut       0%         3d3       100%        5


Dungeon Overview and Level Annotations

Branches:
Dungeon (2/15)

Altars:
Dithmenos

Annotations:
D:2 Sigmund


Innate Abilities, Weirdness & Mutations

You are small and have problems with some larger weapons.
You are completely attuned to the shadows.


Message History

Sigmund is heavily wounded.
You hit Sigmund but do no damage.
Sigmund is heavily wounded.
Sigmund points at you and mumbles some strange words.
The magic dart hits you.
You closely miss Sigmund.
Sigmund is heavily wounded.
You hit Sigmund.
Sigmund is heavily wounded.
Sigmund barely misses you.
You closely miss Sigmund.
Sigmund is heavily wounded.
You closely miss Sigmund.
Sigmund is heavily wounded.
Sigmund barely misses you.
You closely miss Sigmund.
Sigmund is heavily wounded.
You hit Sigmund but do no damage.
Sigmund is heavily wounded.
Sigmund closely misses you.
You hit Sigmund but do no damage.
Sigmund is heavily wounded.
You closely miss Sigmund.
Sigmund is heavily wounded.
Sigmund completely misses you.
You hit Sigmund.
Sigmund is severely wounded.
You hit Sigmund but do no damage.
Sigmund is severely wounded.
Sigmund hits you with a +0 scythe!
* * * LOW HITPOINT WARNING * * *
You hit Sigmund.
Sigmund is severely wounded.
You hit Sigmund but do no damage.
Sigmund is severely wounded.
You hit Sigmund.
Sigmund is severely wounded.
Sigmund says, "Now you see me, now you don't..."
Sigmund hits you with a +0 scythe.
You die...

#.....##....#.....######.#
#.)...##.....####.#......#
#.....##.....# #.##.#####
#.....###....## #....#
#.............# ######
#.............#
#.............#
####..........#######
#..†.........@@...
#.................
########..........
#.######### #.# #.# #.#
.### ##.##### ....
#.......


You could see Sigmund.

Vanquished Creatures
  An iguana (D:2)
  2 adders (D:2)
  2 dart slugs
  An orc (D:2)
  3 endoplasms (D:1)
  2 goblins
  5 hobgoblins
  2 jackals (D:2)
  2 quokkas (D:1)
  3 bats
  4 frilled lizards (D:2)
  3 kobolds
  2 rats
32 creatures vanquished.

Notes
Turn   | Place    | Note
-------+----------+-------------------------------------------
     0 | D:1      | Setbun the Kobold Brigand began the quest for the Orb.
     0 | D:1      | Reached XP level 1. HP: 12/12 MP: 1/1
   172 | D:1      | Reached skill level 3 in Short Blades
   265 | D:1      | Reached XP level 2. HP: 14/17 MP: 2/2
   397 | D:1      | Reached skill level 4 in Short Blades
   438 | D:1      | Noticed a shining eye
   439 | D:1      | Noticed an eye of devastation
   444 | D:1      | Found a faded altar of an unknown god.
   447 | D:1      | Noticed a great orb of eyes
   464 | D:1      | Noticed a floating eye
  1079 | D:1      | Reached XP level 3. HP: 20/21 MP: 3/3
  1275 | D:2      | Reached skill level 5 in Short Blades
  1524 | D:2      | Reached XP level 4. HP: 26/26 MP: 4/4
  1607 | D:2      | Found a shadowy altar of Dithmenos.
  1687 | D:2      | Reached skill level 6 in Short Blades
  1755 | D:2      | Noticed Sigmund
  1785 | D:2      | Slain by Sigmund

Illustrated notes

Levels and vault maps discovered:
D:1:      dpeg_arrival_windows_large_door, layout_basic,
          hellmonk_ecumenical_altar_watching_god, chequers_serial_rivers_room_a
D:2:      layout_basic, basic_altar, uniq_sigmund, uniq_terence

Skill      XL: |  1  2  3  4 |
---------------+-------------+-----
Short Blades   | 3 4 5 6 |  6.0
Fighting       | |  2.1
Throwing       | |  2.1
Dodging        | |  1.2
Stealth        | |  5.3

Action                   |  1- 3 |  4- 6 || total
-------------------------+-------+-------++-------
Melee: Dagger            |    96 |    59 ||   155
  Use: Potion            |     1 |       ||     1
 Stab: Sleeping          |     7 |     5 ||    12
       Distracted        |     1 |       ||     1
Armor: Robe              |    12 |     4 ||    16
Dodge: Dodged            |    64 |    37 ||   101

Table legend: (Time is in decaauts)
 A = Elapsed time spent in this place.
 B = Non-inter-level travel time spent in this place.
 C = Inter-level travel time spent in this place.
 D = Time resting spent in this place.
 E = Time spent auto-exploring this place.
 F = Levels seen in this place.
 G = Mean time per level.
                   A        B        C        D        E       F      G
               +--------+--------+--------+--------+--------+-----+--------+
         Total |   1747 |   1710 |     37 |      0 |   1469 |   2 |  873.5 |
       Dungeon |   1747 |   1710 |     37 |      0 |   1469 |   2 |  873.5 |
               +--------+--------+--------+--------+--------+-----+--------+

Top non-repeatable levels by time:
     D:1: 1235 daAuts
     D:2: 511 daAuts
